 Dungeon Crawl Stone Soup version 0.28-a0-268-g3f656e82c2 (webtiles) character file.

Game seed: 2674554280087259269

115 Malachi the Sneak (level 5, -1/32 HPs)
             Began as an Octopode Earth Elementalist on Aug 28, 2021.
             Was an Initiate of Gozag.
             Killed from afar by an orc wizard (11 damage)
             ... with a puff of flame
             ... on level 3 of the Dungeon.
             The game lasted 00:03:47 (2988 turns).

Malachi the Sneak (Octopode Earth Elementalist)     Turns: 2988, Time: 00:03:47

Health: -1/32      AC:  1    Str:  7    XL:     5   Next: 0%
Magic:  4/8        EV: 13    Int: 18    God:    Gozag
Gold:   181        SH:  0    Dex: 13    Spells: 3/9 levels left

rFire   . . .      SeeInvis .   d - +0 dagger
rCold   . . .      Faith    .   (no shield)
rNeg    . . .      Spirit   .   (helmet restricted)
rPois   .          Reflect  .   (no amulet)
rElec   .          Harm     .   (no ring)
rCorr   .          Rampage  .   (no ring)
Will    .....                   (no ring)
Stlth   ++........              (no ring)
HPRegen 0.10/turn               (no ring)
MPRegen 0.11/turn               (no ring)
                                (no ring)
                                (no ring)

@: confused
A: almost no armour, amphibious, 8 rings, camouflage 1, gelatinous body 1,
(nimble swimmer 1), tentacles
a: Renounce Religion, Potion Petition, Call Merchant, Bribe Branch


You were on level 3 of the Dungeon.
You worshipped Gozag.
Gozag was aware of your devotion.
You visited 1 branch of the dungeon, and saw 3 of its levels.

You collected 181 gold pieces.

Inventory:

Hand Weapons
 d - a +0 dagger (weapon)
Missiles
 b - 78 stones
Scrolls
 a - 2 scrolls of blinking {unknown}
 c - a scroll of enchant weapon {unknown}
 f - a scroll of fog


   Skills:
 + Level 0.3 Fighting
 - Level 0.2 Short Blades
 - Level 2.0 Dodging
 + Level 4.6 Stealth
 + Level 2.6 Spellcasting
 * Level 1.2 Conjurations
 + Level 1.0 Transmutations
 + Level 3.9 Earth Magic


You had 3 spell levels left.
You knew the following spells:

 Your Spells              Type           Power      Damage    Failure   Level
a - Sandblast             Erth           32%        2d9       3%          1
b - Passwall              Tmut/Erth      9%         N/A       10%         2
c - Stone Arrow           Conj/Erth      22%        3d8       19%         3

Your spell library contained the following spells:

 Spells                   Type           Power      Damage    Failure   Level
 Dazzling Flash           Conj/Hex       8%         N/A       36%         3
 Petrify                  Tmut/Erth      11%        N/A       52%         4
 Iskenderun's Mystic Bla  Conj/Tloc      4%         2d3       78%         4
 Starburst                Conj/Fire      2%         6d3       100%        6


Dungeon Overview and Level Annotations

Branches:
Dungeon (3/15)

Altars:
Gozag
Xom
Zin


Innate Abilities, Weirdness & Mutations

You cannot wear most types of armour.
You are amphibious.
You can wear up to eight rings at the same time.
Your skin changes colour to match your surroundings (Stealth+).
Your rubbery body absorbs attacks. (AC +1, EV +1)
((You are camouflaged near water. (Stealth+)))
You have tentacles for arms and can constrict up to eight enemies at once.


Message History

The blast of sand hits the orc wizard.
The orc wizard is lightly wounded.
Unknown command.
Casting: Sandblast (safe; 3% risk of failure)
Confirm with . or Enter, or press ? or * to list all spells.
Aiming: Sandblast (safe; 3% risk of failure)
Press: ? - help, Shift-Dir - straight line, f/p - orc wizard
Aim: an orc wizard, wielding a +0 dagger and wearing a +0 robe (lightly wounded, 74% to hit)
The blast of sand hits the orc wizard.
The orc wizard is heavily wounded.
The orc wizard gestures wildly while chanting.
The orc wizard flickers and vanishes!
Deactivating autopickup; reactivate with Ctrl-A.
You barely miss something. Something hits you.
Casting: Sandblast (safe; 3% risk of failure)
Confirm with . or Enter, or press ? or * to list all spells.
You can't see any susceptible monsters within range! (Use Z to cast anyway.) Unknown command.
Unknown command.
Casting: Sandblast (safe; 3% risk of failure)
Confirm with . or Enter, or press ? or * to list all spells.
Aiming: Sandblast (safe; 3% risk of failure)
Press: ? - help, Shift-Dir - straight line Something completely misses you.
Unknown command.
Casting: Sandblast (safe; 3% risk of failure)
Confirm with . or Enter, or press ? or * to list all spells.
Aiming: Sandblast (safe; 3% risk of failure)
Press: ? - help, Shift-Dir - straight line You hear some strange, mumbled words.
You are confused.
Unknown command.
You're too confused to cast spells.
Okay, then.
Unknown command.
You hear some strange, mumbled words.
A puff of flame appears from out of thin air!
The puff of flame hits you!
You die...
Your body crumbles into a pile of gold.

#..###.## ###....##
##.####.# #.......#
#.......###.##
#.......# #.#........##
#..####.# #.##.##.####
#....##.# #. #$##.#
#.##.##># #.##.##.#
#.##.##.# #.......#
#.......# ###...###
####.#### #.{.@.# ##.##
#.......#
####...####..)......#
..........'.........'..
..##...####.........###
..###..# ##.......##
..# ##.# ##.....## _.#
.# ##...## ..# .#


There were no monsters in sight!

Vanquished Creatures
  Jessica (D:2)
  2 adders
  An adder zombie (D:2)
  An adder skeleton (D:2)
  2 dart slugs (D:1)
  2 orcs (D:3)
  5 ball pythons
  3 endoplasms
  4 giant cockroaches
  10 goblins
  2 hobgoblins
  2 quokkas
  2 ball python skeletons (D:2)
  4 ball python zombies (D:2)
  2 bats
  3 frilled lizards (D:2)
  A jackal skeleton (D:2)
  A jackal zombie (D:2)
  7 kobolds
  6 rats
61 creatures vanquished.

Vanquished Creatures (others)
  2 withered plants (D:2)
2 creatures vanquished.

Grand Total: 63 creatures vanquished

Notes
Turn   | Place    | Note
-------+----------+-------------------------------------------
     0 | D:1      | Malachi the Octopode Earth Elementalist began the quest for
                  | the Orb.
     0 | D:1      | Reached XP level 1. HP: 11/11 MP: 3/3
    60 | D:1      | Reached skill level 3 in Stealth
   110 | D:1      | Reached XP level 2. HP: 17/17 MP: 1/5
   117 | D:1      | Learned a level 2 spell: Passwall
   587 | D:1      | Reached XP level 3. HP: 20/21 MP: 6/6
  1284 | D:2      | Learned a level 3 spell: Stone Arrow
  1345 | D:2      | HP: 1/21 [poisoned by an adder]
  1845 | D:2      | Found a faded altar of an unknown god.
  1850 | D:2      | Reached skill level 4 in Stealth
  1856 | D:2      | Became a worshipper of Gozag Ym Sagoz the Greedy
  1870 | D:2      | Noticed Jessica
  1875 | D:2      | Killed Jessica
  1876 | D:2      | Reached skill level 1 in Conjurations
  1876 | D:2      | Reached XP level 4. HP: 27/27 MP: 4/7
  2713 | D:3      | Found a glowing silver altar of Zin.
  2716 | D:3      | Noticed an angel
  2722 | D:3      | Found a shimmering altar of Xom.
  2959 | D:3      | Reached XP level 5. HP: 18/32 MP: 8/8
  2988 | D:3      | Killed from afar by an orc wizard

Illustrated notes

Levels and vault maps discovered:
D:1:      minmay_arrival_four_loops, layout_basic, minmay_misc_feat_chi,
          minmay_crystal_room
D:2:      layout_basic, serial_undead, serial_undead_e, serial_undead_d,
          serial_undead_b, serial_undead_c, ebering_ecumenical_altar_ruins,
          uniq_jessica
D:3:      layout_loops_corners, grunt_temple_overflow_order_and_chaos_1,
          uniq_terence, uniq_crazy_yiuf_cottage

Skill      XL: |  1  2  3 |
---------------+----------+-----
Stealth        | 3 4 |  4.6
Conjurations   | 1 |  1.2
Fighting       | |  0.3
Short Blades   | |  0.2
Dodging        | |  2.0
Spellcasting   | |  2.6
Transmutations | |  1.0
Earth Magic    | |  3.9

Action                   |  1- 3 |  4- 6 || total
-------------------------+-------+-------++-------
Melee: Unarmed           |    10 |       ||    10
       Tentacles         |     8 |     5 ||    13
       Constrict         |    16 |    15 ||    31
       Dagger            |    57 |    52 ||   109
 Cast: Sandblast         |    17 |     9 ||    26
  Use: Potion            |     2 |       ||     2
       Scroll            |     1 |       ||     1
 Stab: Sleeping          |    14 |     4 ||    18
Armor: Skin              |    15 |     2 ||    17
Dodge: Dodged            |    36 |    28 ||    64

Table legend: (Time is in decaauts)
 A = Elapsed time spent in this place.
 B = Non-inter-level travel time spent in this place.
 C = Inter-level travel time spent in this place.
 D = Time resting spent in this place.
 E = Time spent auto-exploring this place.
 F = Levels seen in this place.
 G = Mean time per level.
                   A        B        C        D        E       F      G
               +--------+--------+--------+--------+--------+-----+--------+
         Total |   2970 |   2886 |     84 |    746 |   1683 |   3 |  990.0 |
       Dungeon |   2970 |   2886 |     84 |    746 |   1683 |   3 |  990.0 |
               +--------+--------+--------+--------+--------+-----+--------+

Top non-repeatable levels by time:
     D:2: 1641 daAuts
     D:1: 911 daAuts
     D:3: 417 daAuts
